 Dungeon Crawl Stone Soup version 0.26-a0-20-g5f92b90fa0 (webtiles) character file.

Game seed: 2060184954917530007, levelgen mode: deterministic

95981 sanka the Gelid (level 16, -14/134 HPs)
             Began as a Barachi Ice Elementalist on May 25, 2020.
             Was a High Priest of Vehumet.
             Hit by a large rock thrown by a cyclops (37 damage)
             ... on level 1 of the Orcish Mines.
             The game lasted 01:15:15 (30171 turns).

sanka the Gelid (Barachi Ice Elementalist)         Turns: 30171, Time: 01:15:16

Health: -14/134    AC: 14    Str:  9      XL:     16   Next: 15%
Magic:  9/29       EV: 21    Int: 23      God:    Vehumet [*****.]
Gold:   1211       SH:  5    Dex: 14 (15) Spells: 12/34 levels left

rFire    + . .     SeeInvis .   a - +10 short sword of Lexem {vorpal, rElec rC++ Dex+2}
rCold    + + +     Gourm    .   (no shield)
rNeg     . . .     Faith    .   I - +2 robe {rC+ rF+}
rPois    .         Spirit   .   t - +0 helmet
rElec    +         Reflect  +   m - +0 cloak
rCorr    .         Harm     .   w - +0 pair of gloves
MR       +....                  W - +0 pair of boots
Stlth    ++........             M - amulet of reflection
HPRegen  0.32/turn              J - ring of protection from fire
MPRegen  0.21/turn              q - ring of ice

@: lethally poisoned (-14 -> -15), icy armour, corroded, frozen ramparts, very
slightly contaminated, slow
A: +LOS, swims, slowness 1, strong legs 2
a: Hop, Renounce Religion


You were on level 1 of the Orcish Mines.
You worshipped Vehumet.
Vehumet was extremely pleased with you.
You were not hungry.

You visited 3 branches of the dungeon, and saw 18 of its levels.
You also visited: Ice Cave and Volcano.

You collected 1211 gold pieces.


Innate Abilities, Weirdness & Mutations

You can be seen from farther away. (+LOS)
You can swim through water.
You cover ground slowly.
You can hop long distances.


   Skills:
 * Level 14.5 Fighting
 * Level 13.6 Dodging
 - Level 1.7 Stealth
 + Level 9.8 Spellcasting
 - Level 4.0 Conjurations
 - Level 4.0 Summonings
 + Level 19.1 Ice Magic
 - Level 4.0 Air Magic


You had 12 spell levels left.
You knew the following spells:

 Your Spells              Type           Power        Failure   Level  Hunger
a - Ozocubu's Armour      Chrm/Ice       ######..     1%          3    None
e - Apportation           Tloc           ##....       6%          1    None
u - Hailstorm             Conj/Ice       #######.     1%          4    ##.....
x - Summon Ice Beast      Ice/Summ       #######.     1%          4    ##.....
y - Frozen Ramparts       Ice            ######       0%          3    None
z - Freeze                Ice            ####         0%          1    None
X - Freezing Cloud        Conj/Ice/Air   ######....   6%          6    ######.

Your spell library contained the following spells:

 Spells                   Type           Power        Failure   Level  Hunger
 Starburst                Conj/Fire      ###.......   65%         6    ######.
 Magic Dart               Conj           ####         1%          1    None
 Summon Small Mammal      Summ           ####         1%          1    None
 Call Imp                 Summ           ####....     1%          2    None
 Ensorcelled Hibernation  Hex/Ice        ######       1%          2    None
 Mephitic Cloud           Conj/Pois/Air  ###.....     1%          3    None
 Ice Form                 Ice/Tmut       ######..     1%          4    ##.....
 Conjure Flame            Conj/Fire      ###.....     2%          3    None
 Dazzling Flash           Conj/Hex       ###...       2%          3    None
 Ignite Poison            Fire/Tmut/Pois ##......     4%          3    None
 Animate Skeleton         Necr           N/A          6%          1    None
 Beastly Appendage        Tmut           ##....       6%          1    None
 Corona                   Hex            ##.....      6%          1    None
 Pain                     Necr           ##..         6%          1    None
 Blink                    Tloc           N/A          9%          2    None
 Slow                     Hex            ##......     9%          2    None
 Sticks to Snakes         Tmut           ##......     9%          2    None
 Confusing Touch          Hex            ##......     17%         3    None
 Spider Form              Tmut/Pois      ##........   17%         3    None
 Tukima's Dance           Hex            ##......     17%         3    None
 Vampiric Draining        Necr           ##........   17%         3    None
 Animate Dead             Necr           N/A          50%         4    ##.....
 Silence                  Hex/Air        ###.......   56%         5    ####...
 Agony                    Necr           ##......     85%         5    ####...
 Blade Hands              Tmut           ##........   85%         5    ####...
 Borgnjor's Vile Clutch   Necr/Erth      ##........   85%         5    ####...
 Shadow Creatures         Summ           N/A          86%         6    ######.
 Darkness                 Hex            ##........   100%        6    ######.

Inventory:

Hand Weapons
 a - the +10 short sword of Lexem (weapon) {vorpal, rElec rC++ Dex+2}

   It inflicts extra damage upon your enemies.
   It affects your dexterity (+2).
   It greatly protects you from cold.
   It insulates you from electricity.
 b - the +2 fustibalus "Demipp" {vorpal, MR- Int+7} Any stone fired from it inflicts extra damage. It affects your intelligence (+7). It affects your resistance to hostile enchantments.
 f - a +2 lajatang of flaming
Missiles
 d - 542 stones (quivered)
 E - a curare-tipped dart {=f}
Armour
 m - a +0 cloak (worn)
 t - a +0 helmet (worn)
 w - a +0 pair of gloves (worn)
 I - a +2 robe of resistance (worn)
 W - a +0 pair of boots (worn)
Jewellery
 o - an uncursed ring of ice
 q - a ring of ice (right hand)
 v - an uncursed ring of poison resistance
 y - an uncursed ring of protection from magic
 F - an uncursed ring of stealth
 J - a ring of protection from fire (left hand)
 M - an amulet of reflection (around neck)
Wands
 n - a wand of paralysis (10)
 x - a wand of iceblast (10)
 L - a wand of digging (1)
 N - a wand of enslavement (7)
 O - a wand of clouds (12)
Scrolls
 g - 16 scrolls of remove curse
 h - 4 scrolls of teleportation {@r4}
 i - 3 scrolls of blinking
 j - 8 scrolls of fog
 l - 3 scrolls of enchant armour
 s - 2 scrolls of amnesia
 A - 2 scrolls of enchant weapon
 G - 6 scrolls of immolation {!r}
 P - a scroll of identify {@r1}
 Q - a scroll of vulnerability {!r}
 R - a scroll of acquirement
 S - a scroll of holy word
 T - 2 scrolls of magic mapping
 V - a scroll of silence {!r}
Potions
 e - 3 potions of resistance
 k - 2 potions of cancellation
 r - 5 potions of lignification {!q}
 u - 3 potions of heal wounds {@q2}
 z - 2 potions of haste {@q3}
 B - 3 potions of curing {@q1}
 C - 4 potions of invisibility
 D - 3 potions of brilliance
 H - 6 potions of flight
 K - a potion of magic
 U - a potion of might
 Z - 2 potions of stabbing
Miscellaneous
 p - a phial of floods
Comestibles
 c - 22 rations

Dungeon Overview and Level Annotations

Branches:
Dungeon (11/15)            Temple (0/1) D:6            Lair (6/6) D:8
  Swamp (0/4) Lair:3        Snake (0/4) Lair:4        Slime (0/5) Lair:5
    Orc (1/2) D:11          IceCv (visited)         Volcano (visited)

Altars:
Ashenzari
Fedhas
Gozag
Hepliaklqana
Kikubaaqudgha
Okawaru
Qazlal
Sif Muna
Trog
Uskayaw
Vehumet
Wu Jian
Xom
The Shining One
Jiyva

Shops:
D:8 ? D:10

!
.£▒..........
.......#▒#.▒
......##o# ▒
....oC##▒
▒▒.▒#######
▒...#☼####
▒▒...##.##
▒......o)▒
.......oF▒
..▒▒...))))..▒
▒...▒.▒▒.▒▒
▒....▒▒ ▒ ▒...
. ▒▒.▒.. ▒▒ ▒▒


You could see an orc knight, a cyclops, an orc warrior (strong), an orc priest
(strong) and an orc wizard (strong).


Message History

The wall freezes Erica.
Erica zaps a wand.
The bolt of acid hits you.
* * * LOW HITPOINT WARNING * * *
The acid corrodes you!
You are splashed with acid!
* * * LOW HITPOINT WARNING * * *
The orc is engulfed in freezing vapours.
You kill the orc!
Vehumet accepts your kill. The orc knight closely misses you.
The orc wizard hits you but does no damage.
The orc priest is engulfed in freezing vapours.
You kill the orc priest!
Vehumet accepts your kill.
The orc priest is engulfed in freezing vapours.
The orc priest calls upon Beogh to heal the orc knight.
The orc knight is healed somewhat.
Unknown command.
Unknown command.
Aiming: Freeze (safe; 0% risk of failure)
Aim: Erica, wielding a +0 scimitar of flaming, wearing a +2 robe of magic resistance and carrying a wand of acid (11) (almost dead)
You freeze Erica!
You kill Erica!
Vehumet accepts your kill.
You feel sick.
The cyclops is engulfed in freezing vapours.
The cyclops throws a large rock.
The large rock hits you!!!
You die...

Action                   |  1- 3 |  4- 6 |  7- 9 | 10-12 | 13-15 | 16-18 || total
-------------------------+-------+-------+-------+-------+-------+-------++-------
Melee: Hand axe          |     2 |       |       |       |       |       ||     2
       Dagger            |     6 |       |       |       |       |       ||     6
       Quarterstaff      |       |    15 |    92 |   177 |       |       ||   284
       Halberd           |       |       |       |    53 |   164 |       ||   217
       Short sword       |       |       |       |       |    97 |     5 ||   102
 Fire: Hunting sling     |       |       |    35 |       |       |       ||    35
       Fustibalus        |       |       |       |    26 |    40 |       ||    66
Throw: Stone             |       |       |       |     4 |       |       ||     4
 Cast: Freeze            |    44 |    96 |   125 |   299 |   262 |    39 ||   865
       Frozen Ramparts   |       |     8 |    25 |    53 |    66 |     6 ||   158
       Ozocubu's Armour  |       |       |    12 |    50 |    43 |     3 ||   108
       Summon Ice Beast  |       |       |    13 |    10 |    30 |     6 ||    59
       Hailstorm         |       |       |       |    10 |     8 |       ||    18
       Apportation       |       |       |       |     1 |       |       ||     1
       Freezing Cloud    |       |       |       |       |     3 |     6 ||     9
       Mephitic Cloud    |       |       |       |       |     2 |       ||     2
       Ignite Poison     |       |       |       |       |     1 |       ||     1
 Abil: Hop               |       |       |       |     2 |     1 |       ||     3
Evoke: Wand              |       |       |       |     6 |    33 |     5 ||    44
       Phial of floods   |       |       |       |       |     1 |       ||     1
  Use: Scroll            |       |       |     3 |    15 |    13 |     1 ||    32
       Potion            |       |       |       |     3 |     5 |       ||     8
 Stab: Sleeping          |       |     2 |     1 |       |     2 |       ||     5
       Paralysed         |       |       |       |     2 |       |       ||     2
       Distracted        |       |       |       |       |     3 |       ||     3
  Eat: Chunk             |     3 |    10 |    17 |    23 |    27 |     2 ||    82
       Ration            |       |       |     2 |     2 |     4 |     2 ||    10
Armor: Robe              |     8 |    42 |    83 |    17 |    19 |    23 ||   192
       Steam dragon scal |       |       |       |   123 |   159 |       ||   282
Dodge: Dodged            |    28 |    70 |   163 |   310 |   486 |    67 ||  1124
Block: Other             |       |       |       |    95 |   147 |    20 ||   262
       Reflection        |       |       |       |     7 |     1 |       ||     8

Levels and vault maps discovered:
D:1:      lemuel_arrival_broad_hall, layout_loops_cross,
          minmay_tree_intersection, chequers_mini_garden
D:2:      layout_rooms, kennysheep_vampire_church, lemuel_blue_sif_altar,
          lemuel_crystal_altar, columned_hall_lemuel, uniq_jessica,
          uniq_crazy_yiuf_cottage, uniq_terence
D:3:      layout_basic, lemuel_doored_altar, uniq_ijyb
D:4:      layout_basic, grunt_temple_overflow_forces_of_nature,
          kennysheep_mini_moat, first_ration
D:5:      cheibrodos_quashed, layout_loops_ring, bloody_trog,
          grunt_gozag_breadcrumbs, gammafunk_ghost_nasty_kobolds,
          kennysheep_okawaru_gauntlet, uniq_grinder, uniq_blork_the_orc
D:6:      minmay_skewed_foursquare, layout_basic, lemuel_round_altar,
          minmay_temple_entry_grid, uniq_eustachio, uniq_edmund
D:7:      layout_gridville, kennysheep_mini, basic_altar, grunt_ogre_cave
D:8:      layout_basic, dancing_weapons_uskayaw, dpeg_lair_monsters,
          serial_shops, shop_statue
D:9:      layout_roguey, ashenzari_conservatory_becter,
          ebering_ghost_disaster_area, bh_circular_ruins
D:10:     layout_irregular_city, serial_bayou, serial_bayou_pond_a,
          serial_bayou_pond_d, serial_bayou_shore_b, serial_bayou_pond_a,
          serial_bayou_lake_a, serial_bayou_pond_b, serial_shops, shop,
          lemuel_mausoleum_altar_kikubaaqudgha
D:11:     layout_basic, orc_0_dummy, minmay_misc_feat_five, evilmike_minifort
Lair:1:   layout_regular_city
Lair:2:   layout_loops_ring, portal_ice_cave_entry_ice_beasts, uniq_urug
Lair:3:   layout_gridlike, swamp_mist, nicolae_volcano_entry_lava_flow,
          grunt_megastairs_3, uniq_rupert
Lair:4:   layout_layer_cave, guppyfry_snake_entry_garden,
          mumra_transporter_accident, chequers_serial_rivers_small_a,
          uniq_nergalle
Lair:5:   layout_hall_layers, slime_altar_1, fungi_pond_lemuel,
          serial_bayou_ford_a
Lair:6:   due_jungle_book, layout_cave_pods
Orc:1:    layout_caves, uniq_erolcha, uniq_maurice, uniq_erica

Notes
Turn   | Place    | Note
-------+----------+-------------------------------------------
     0 | D:1      | sanka the Barachi Ice Elementalist began the quest for the
                  | Orb.
     0 | D:1      | Reached XP level 1. HP: 13/13 MP: 3/3
   325 | D:1      | Reached skill level 5 in Ice Magic
   423 | D:1      | Reached XP level 2. HP: 10/19 MP: 0/5
  1563 | D:2      | Reached XP level 3. HP: 24/24 MP: 5/7
  1566 | D:2      | Reached skill level 3 in Spellcasting
  1571 | D:2      | Learned a level 3 spell: Frozen Ramparts
  1617 | D:2      | Learned a level 3 spell: Ozocubu's Armour
  1641 | D:2      | Noticed Jessica
  1649 | D:2      | Killed Jessica
  1649 | D:2      | Reached skill level 6 in Ice Magic
  1819 | D:2      | Reached XP level 4. HP: 18/30 MP: 2/8
  2009 | D:2      | Found a runed translucent door.
  2010 | D:2      | Noticed Crazy Yiuf
  2016 | D:2      | Killed Crazy Yiuf
  2113 | D:2      | Found a radiant altar of Vehumet.
  2144 | D:2      | Noticed Terence
  2153 | D:2      | Killed Terence
  2153 | D:2      | Reached skill level 7 in Ice Magic
  2153 | D:2      | Reached XP level 5. HP: 17/35 MP: 3/9
  2324 | D:2      | Became a worshipper of Vehumet
  2443 | D:2      | Found an ancient bone altar of Kikubaaqudgha.
  2491 | D:2      | Reached skill level 8 in Ice Magic
  2609 | D:2      | Found a shimmering blue altar of Sif Muna.
  2887 | D:3      | Reached XP level 6. HP: 41/41 MP: 6/10
  3078 | D:3      | Learned a level 4 spell: Summon Ice Beast
  3306 | D:3      | Reached * piety under Vehumet
  3306 | D:3      | Offered knowledge of Foxfire by Vehumet.
  3642 | D:3      | Reached skill level 1 in Summonings
  3720 | D:3      | Noticed Ijyb
  3731 | D:3      | Killed Ijyb
  3817 | D:3      | Found an ornate altar of the Wu Jian Council.
  4303 | D:4      | Found a blossoming altar of Fedhas.
  4333 | D:4      | Found a stormy altar of Qazlal.
  4342 | D:4      | Reached skill level 2 in Summonings
  4429 | D:4      | Reached XP level 7. HP: 46/46 MP: 9/12
  4673 | D:4      | Reached ** piety under Vehumet
  4673 | D:4      | Offered knowledge of Searing Ray by Vehumet.
  4849 | D:4      | Reached skill level 4 in Spellcasting
  4849 | D:4      | Reached skill level 3 in Summonings
  5050 | D:4      | Found a glowing golden altar of the Shining One.
  5173 | D:5      | Entered Level 5 of the Dungeon
  5186 | D:5      | Reached skill level 9 in Ice Magic
  5339 | D:5      | Reached skill level 4 in Summonings
  5517 | D:5      | Reached XP level 8. HP: 37/52 MP: 12/15
  5618 | D:5      | Found an opulent altar of Gozag.
  5768 | D:5      | Offered knowledge of Ignite Poison by Vehumet.
  5806 | D:5      | Noticed Blork the orc
  5815 | D:5      | Killed Blork the orc
  5815 | D:5      | Reached skill level 5 in Spellcasting
  5955 | D:5      | Found a bloodstained altar of Trog.
  6141 | D:5      | Found a runed translucent gate.
  6185 | D:5      | Found a runed translucent gate.
  6185 | D:5      | Found a runed translucent gate.
  6186 | D:5      | Noticed PIKKUHERKKO's ghost (novice DsBe)
  6189 | D:5      | Noticed Grinder
  6214 | D:5      | Killed Grinder
  6337 | D:5      | Found an iron altar of Okawaru.
  6426 | D:6      | Reached skill level 10 in Ice Magic
  6446 | D:6      | Noticed Eustachio
  6466 | D:6      | Killed Eustachio
  6466 | D:6      | Reached *** piety under Vehumet
  6544 | D:6      | Reached skill level 6 in Spellcasting
  6839 | D:6      | Found a staircase to the Ecumenical Temple.
  6860 | D:6      | Reached skill level 1 in Fighting
  6910 | D:6      | Noticed Edmund
  6917 | D:6      | Killed Edmund
  6917 | D:6      | Offered knowledge of Conjure Flame by Vehumet.
  6917 | D:6      | Reached skill level 11 in Ice Magic
  6917 | D:6      | Reached XP level 9. HP: 61/61 MP: 8/18
  6926 | D:6      | Reached skill level 2 in Fighting
  6926 | D:6      | Reached skill level 3 in Dodging
  7448 | D:6      | Found an iron altar of Okawaru.
  7658 | D:7      | Reached skill level 3 in Fighting
  7672 | D:7      | Reached skill level 4 in Dodging
  7827 | D:7      | Learned a level 4 spell: Hailstorm
  7974 | D:7      | Found a hazy altar of Hepliaklqana.
  8006 | D:7      | Found a shimmering altar of Xom.
  8201 | D:7      | Reached skill level 7 in Spellcasting
  8358 | D:7      | Reached skill level 4 in Fighting
  8455 | D:7      | Reached **** piety under Vehumet
  8478 | D:7      | Offered knowledge of Static Discharge by Vehumet.
  8665 | D:7      | Reached skill level 5 in Dodging
  8956 | D:8      | Found a hide-covered altar of Uskayaw.
  8956 | D:8      | Noticed a +0 hand axe
  8956 | D:8      | Noticed a +0 dagger
  9024 | D:8      | Reached skill level 5 in Fighting
  9024 | D:8      | Reached XP level 10. HP: 59/74 MP: 17/21
  9104 | D:8      | Noticed a death yak
  9118 | D:8      | Killed a death yak
  9118 | D:8      | Reached skill level 12 in Ice Magic
  9239 | D:8      | Noticed a death yak
  9243 | D:8      | Noticed a death yak
  9249 | D:8      | Killed a death yak
  9249 | D:8      | Reached skill level 6 in Fighting
  9249 | D:8      | Reached skill level 6 in Dodging
  9249 | D:8      | Reached skill level 8 in Spellcasting
  9260 | D:8      | Killed a death yak
  9277 | D:8      | Reached skill level 7 in Fighting
  9440 | D:8      | Found a staircase to the Lair.
  9697 | D:8      | Reached skill level 7 in Dodging
  9938 | D:8      | Identified the Volume of the Snowflakes and Contamination
 10409 | D:9      | Reached skill level 13 in Ice Magic
 10409 | D:9      | Reached XP level 11. HP: 66/86 MP: 10/23
 10529 | D:9      | Learned a level 1 spell: Apportation
 10650 | D:9      | Reached skill level 8 in Fighting
 11004 | D:9      | Found a shattered altar of Ashenzari.
 11026 | D:9      | Reached skill level 8 in Dodging
 11398 | D:9      | Found a large runed translucent door.
 11398 | D:9      | Found a large runed translucent door.
 11575 | D:9      | Noticed Zegy's ghost (novice OpIE)
 11620 | D:10     | Entered Level 10 of the Dungeon
 11626 | D:10     | Reached ***** piety under Vehumet
 11633 | D:10     | Offered knowledge of Freezing Cloud by Vehumet.
 11641 | D:10     | Learned a level 6 spell: Freezing Cloud
 11663 | D:10     | Identified +0 steam dragon scales
 12000 | D:10     | Reached skill level 1 in Conjurations
 12005 | D:10     | Reached skill level 1 in Air Magic
 12199 | D:10     | Found Ulurase's Distillery.
 12437 | D:10     | Found an ancient bone altar of Kikubaaqudgha.
 12485 | D:10     | Reached skill level 2 in Conjurations
 12512 | D:10     | Reached skill level 2 in Air Magic
 12635 | D:10     | HP: 4/87 [something (8)]
 13385 | D:10     | Reached skill level 9 in Fighting
 13813 | D:10     | Reached skill level 3 in Conjurations
 13814 | D:10     | Reached skill level 3 in Air Magic
 14584 | D:11     | Noticed a centaur warrior
 14594 | D:11     | Killed a centaur warrior
 14594 | D:11     | Offered knowledge of Irradiate by Vehumet.
 14594 | D:11     | Reached skill level 9 in Dodging
 14642 | D:11     | Reached skill level 4 in Conjurations
 14642 | D:11     | Reached XP level 12. HP: 86/96 MP: 24/24
 14650 | D:11     | Reached skill level 4 in Air Magic
 14795 | D:11     | Identified +0 acid dragon scales
 14875 | D:11     | Reached skill level 14 in Ice Magic
 15086 | D:11     | Reached skill level 10 in Fighting
 15644 | D:11     | Paralysed by a hornet for 1 turns
 15649 | D:11     | Paralysed by a hornet for 1 turns
 15851 | D:11     | Noticed a two-headed ogre
 15868 | D:11     | Killed a two-headed ogre
 15868 | D:11     | Reached skill level 10 in Dodging
 15872 | D:11     | Noticed a two-headed ogre
 15943 | D:11     | Killed a two-headed ogre
 16314 | D:11     | Found a staircase to the Orcish Mines.
 16594 | Lair:1   | Entered Level 1 of the Lair of Beasts
 16601 | Lair:1   | Reached skill level 11 in Fighting
 16841 | Lair:1   | Got a pitted fustibalus
 16842 | Lair:1   | Identified the +2 fustibalus "Demipp" {vorpal, MR- Int+7}
                  | (You found it on level 1 of the Lair of Beasts)
 17075 | Lair:1   | Reached skill level 15 in Ice Magic
 17509 | Lair:1   | Identified 2 potions of resistance
 17512 | Lair:1   | Identified 2 potions of experience
 17513 | Lair:1   | Reached skill level 16 in Ice Magic
 17513 | Lair:1   | Gained mutation: You can hop long distances. [Barachi
                  | growth]
 17513 | Lair:1   | Reached XP level 13. HP: 106/106 MP: 25/25
 17514 | Lair:1   | Reached skill level 18 in Ice Magic
 17514 | Lair:1   | Reached XP level 14. HP: 113/113 MP: 26/26
 17685 | Lair:2   | Reached skill level 11 in Dodging
 17707 | Lair:2   | Reached XP level 15. HP: 95/120 MP: 9/27
 17748 | Lair:2   | Found a frozen archway.
 17766 | IceCv    | Entered an ice cave
 17976 | IceCv    | Reached skill level 12 in Fighting
 18196 | IceCv    | Offered knowledge of Fireball by Vehumet.
 20562 | IceCv    | Noticed a frost giant
 21020 | IceCv    | Learned a level 3 spell: Mephitic Cloud
 21024 | IceCv    | Learned a level 3 spell: Ignite Poison
 21435 | IceCv    | Killed a frost giant
 21435 | IceCv    | Reached skill level 12 in Dodging
 22121 | Lair:2   | Got a sapphire short sword
 22122 | Lair:2   | Identified the +10 short sword of Lexem {vorpal, rElec rC++
                  | Dex+2} (You found it on level 2 of the Lair of Beasts)
 22268 | Lair:2   | Noticed Urug
 22287 | Lair:2   | Killed Urug
 22437 | Lair:2   | Reached skill level 13 in Fighting
 23028 | Lair:3   | Found a dark tunnel.
 23047 | Volcano  | Entered a volcano
 23064 | Volcano  | Reached skill level 9 in Spellcasting
 23619 | Lair:3   | Noticed Rupert
 23625 | Lair:3   | Killed Rupert
 23625 | Lair:3   | Offered knowledge of Starburst by Vehumet.
 24136 | Lair:3   | Found a staircase to the Swamp.
 24808 | Lair:4   | Found a staircase to the Snake Pit.
 25015 | Lair:4   | Identified a +2 robe of resistance
 25015 | Lair:4   | Noticed Nergalle
 25036 | Lair:4   | Killed Nergalle
 26643 | Lair:5   | Found a staircase to the Slime Pits.
 26645 | Lair:5   | Found a viscous altar of Jiyva.
 26814 | Lair:6   | Entered Level 6 of the Lair of Beasts
 26819 | Lair:6   | Reached skill level 13 in Dodging
 27413 | Lair:6   | Reached skill level 14 in Fighting
 27780 | Lair:6   | Identified a scroll of acquirement
 27857 | Lair:6   | Reached skill level 19 in Ice Magic
 28433 | Lair:6   | Got a bronze scale mail
 28444 | Lair:6   | Identified the +6 scale mail "Jettu" {Str+2 Dex+5} (You
                  | found it on level 6 of the Lair of Beasts)
 28748 | Lair:6   | Reached XP level 16. HP: 34/133 MP: 24/29
 29718 | D:8      | Found Dell's Magic Scroll Boutique.
 29808 | D:5      | Killed PIKKUHERKKO's ghost
 30031 | D:9      | Killed Zegy's ghost
 30148 | Orc:1    | Entered Level 1 of the Orcish Mines
 30149 | Orc:1    | Noticed Maurice
 30158 | Orc:1    | Noticed Erica
 30162 | Orc:1    | Killed Maurice
 30171 | Orc:1    | Killed Erica
 30171 | Orc:1    | Hit by a large rock thrown by a cyclops

Vanquished Creatures
  A frost giant (IceCv)
  4 dire elephants (Lair:6)
  A hydra (Lair:4)
  2 two-headed ogres (D:11)
  Erica (Orc:1)
  An anaconda (Lair:6)
  A centaur warrior (D:11)
  7 death yaks
  Urug (Lair:2)
  Nergalle (Lair:4)
  2 cyclopes (D:11)
  4 ugly things
  3 elephants (Lair:6)
  A manticore (D:11)
  Maurice (Orc:1)
  A smoke demon (Volcano)
  A gargoyle (D:11)
  A centaur skeleton (D:10)
  A torpor snail (Lair:4)
  2 black mambas
  An ice statue (IceCv)
  The ghost of PIKKUHERKKO the Chopper, a novice DsBe of Trog (D:5)
  10 spiny frogs
  4 rime drakes
  6 komodo dragons
  A red devil (Volcano)
  13 polar bears
  A troll (D:11)
  A hornet (D:11)
  A slime creature (D:11)
  16 blink frogs
  8 hippogriffs
  6 wyverns
  51 yaks
  Eustachio (D:6)
  3 basilisks
  3 wraiths
  A hungry ghost (D:7)
  A steam dragon (D:10)
  Edmund (D:6)
  An acid dragon (D:11)
  2 nagas (Lair:4)
  2 porcupines
  13 water moccasins
  2 hell hounds (Volcano)
  8 ice beasts
  4 orc warriors
  An eye of draining (D:9)
  2 sky beasts (D:11)
  14 centaurs
  7 ogres
  16 wolves (IceCv)
  13 crocodiles
  Blork the orc (D:5)
  An elf zombie (D:10)
  5 big kobolds
  A gnoll sergeant (D:9)
  12 bullfrogs
  3 scorpions
  14 killer bees
  5 wights (D:10)
  7 electric eels
  2 vampire bats (D:2)
  9 crimson imps
  A bullfrog zombie (D:5)
  3 human zombies (D:10)
  3 quasits (D:5)
  2 bullfrog skeletons (D:11)
  A jelly (D:5)
  3 iguanas
  9 orc priests
  Crazy Yiuf (D:2)
  3 hounds
  Jessica (D:2)
  Terence (D:2)
  Ijyb (D:3)
  10 orc wizards
  3 hell rats (D:8)
  16 worker ants
  A hound zombie (D:11)
  A human simulacrum (D:9)
  2 hound skeletons
  2 mummies (D:10)
  2 worker ant zombies
  7 gnolls
  2 howler monkey skeletons
  11 adders
  3 river rats (D:8)
  A shadow imp (D:9)
  An ooze (D:3)
  An adder skeleton (D:4)
  An adder zombie (D:5)
  4 worms
  3 dart slugs
  6 leopard geckos
  62 orcs
  3 bat skeletons (D:2)
  2 bat zombies (D:2)
  3 giant cockroaches
  10 goblins
  9 hobgoblins
  10 jackals
  8 quokkas
  2 ball pythons (D:3)
  7 bats
  4 frilled lizards
  23 kobolds
  An orc skeleton (D:10)
  10 rats
  3 plants
575 creatures vanquished.

Vanquished Creatures (collateral kills)
  Rupert (Lair:3)
  2 death yaks
  The ghost of Zegy the Frost Mage, a novice OpIE of Nemelex Xobeh (D:9)
  An elephant (Lair:6)
  A rime drake (IceCv)
  A polar bear (IceCv)
  Grinder (D:5)
  2 yaks (Lair:4)
  A porcupine (Lair:2)
  6 ice beasts
  2 phantoms (D:7)
  A crocodile (Lair:3)
  A quasit (D:7)
  An orc wizard (D:10)
  An orc (D:10)
23 creatures vanquished.

Vanquished Creatures (others)
  3 yaks (D:9)
  An elf skeleton (D:10)
  A human zombie (D:10)
  A human simulacrum (D:9)
  A kobold (D:9)
  7 fungi
  3 plants
17 creatures vanquished.

Grand Total: 615 creatures vanquished
